 Dungeon Crawl Stone Soup version 0.20.1-1-g8b1a95d (webtiles) character file.

4699 Minstaer the Slinger (level 10, 0/60 HPs)
             Began as a Halfling Hunter on Nov 3, 2017.
             Was a Believer of Dithmenos.
             Slain by a two-headed ogre
             ... wielding a +0 giant spiked club
              (23 damage)
             ... on level 8 of the Dungeon.
             The game lasted 01:09:55 (10072 turns).

Minstaer the Slinger (Halfling Hunter)             Turns: 10072, Time: 01:09:56

Health: 0/60       AC:  8    Str: 13    XL:     10   Next: 72%
Magic:  0/10       EV: 18    Int:  9    God:    Dithmenos [**....]
Gold:   361        SH:  0    Dex: 19    Spells: 9/9 levels left

rFire    . . .     SeeInvis .   b - +0 short sword
rCold    . . .     Gourm    .   (shield restricted)
rNeg     . . .     Faith    .   c - +0 leather armour
rPois    .         Spirit   +   k - +0 helmet
rElec    .         Reflect  .   j - +0 cloak
rCorr    .         Harm     .   I - +2 pair of gloves
MR       .....                  (no boots)
Stlth    ++++++....             J - amulet of guardian spirit
Regen    0.2/turn               x - +3 ring of evasion
MPRegen  0.2/turn               A - ring of flight

@: wreathed by umbra
A: mutation resistance 1
a: Shadow Step, Renounce Religion, Evoke Flight


You were on level 8 of the Dungeon.
You worshipped Dithmenos.
Dithmenos was pleased with you.
You were not hungry.

You visited 2 branches of the dungeon, and saw 9 of its levels.

You collected 442 gold pieces.
You spent 81 gold pieces at shops.

Inventory:

Hand Weapons
 a - a +1 hunting sling
 b - a +0 short sword (weapon)
 d - a +0 dagger
 z - a +0 flail of holy wrath
 N - a +0 shortbow
 Y - a cursed -1 shortbow
Missiles
 g - 10 stones (quivered)
 y - 71 bolts
 F - 28 sling bullets
 G - 10 poisoned needles
 M - 142 arrows
Armour
 c - a +0 leather armour (worn)
 j - a +0 cloak (worn)
 k - a +0 helmet (worn)
 H - +0 ice dragon scales
 I - a +2 pair of gloves (worn)
 X - a +2 robe of the Archmagi
Magical Staves
 W - an uncursed staff of fire {unknown}
Jewellery
 x - a +3 ring of evasion (left hand)
 A - a ring of flight (right hand)
 D - an uncursed amulet of faith
 J - an amulet of guardian spirit (around neck)
 L - an uncursed ring of wizardry
Wands
 i - a wand of scattershot (0/9)
 m - a wand of digging (15/24)
 R - a wand of scattershot (0/9)
 S - a wand of lightning (0/15)
Scrolls
 e - a scroll of amnesia {unknown}
 h - 2 scrolls of enchant weapon
 l - 5 scrolls of enchant armour
 p - 3 scrolls of immolation
 r - 2 scrolls of recharging
 t - a scroll of teleportation
 C - 2 scrolls of noise {unknown}
 O - a scroll of magic mapping {unknown}
 P - a scroll of brand weapon {unknown}
Potions
 n - a potion of resistance
 o - 3 potions of agility {unknown}
 q - 4 potions of flight {unknown}
 s - 2 potions of brilliance {unknown}
 u - a potion of berserk rage {unknown}
 w - 4 potions of curing {unknown}
 B - 3 potions of mutation {unknown}
 E - 2 potions of ambrosia {unknown}
 K - 2 potions of lignification {unknown}
 Q - a potion of cancellation
 T - 2 potions of heal wounds {unknown}
 U - a potion of magic
Comestibles
 f - 5 bread rations
 v - 4 meat rations
 V - 9 chunks of flesh
 Z - 2 mutagenic chunks of flesh


   Skills:
 - Level 1.7 Fighting
 * Level 10.0 Short Blades
 - Level 12.1 Slings
 - Level 2.1 Dodging
 + Level 11.5 Stealth


You had 9 spell levels left.
You didn't know any spells.

Dungeon Overview and Level Annotations

Branches:
Dungeon (8/15)             Temple (1/1) D:6            Lair (0/6) D:8

Altars:
Ashenzari
Cheibriados
Dithmenos
Elyvilon
Fedhas
Gozag
Hepliaklqana
Kikubaaqudgha
Makhleb
Nemelex Xobeh
Okawaru
Qazlal
Ru
Sif Muna
Trog
Uskayaw
Vehumet
Xom
Yredelemnul
Zin
The Shining One

Shops:
D:4 *

Annotations:
D:8 mopl's ghost, novice FoHu


Innate Abilities, Weirdness & Mutations

You are small and have problems with some larger weapons.
You are somewhat resistant to further mutation.


Message History

You hit the two-headed ogre but do no damage.
The two-headed ogre is severely wounded.
You hit the two-headed ogre.
The two-headed ogre is severely wounded.
The two-headed ogre completely misses you.
The two-headed ogre hits you with a giant spiked club.
Okay, then.
You hit the two-headed ogre.
The two-headed ogre is severely wounded.
You hit the two-headed ogre but do no damage.
The two-headed ogre is severely wounded.
You closely miss the two-headed ogre.
The two-headed ogre is severely wounded.
The two-headed ogre closely misses you. x2
You hit the two-headed ogre but do no damage.
The two-headed ogre is severely wounded.
You hit the two-headed ogre.
The two-headed ogre is almost dead.
The two-headed ogre hits you with a giant spiked club!!
You die...

#......##.....#
#.##..###.#####
#.##..###.#
#.........# #####
#..#...#)#####...#
#..#.#...)).[....###
.[.....#.####......#
# #.....##.#
#)#O##.##.#
##.#####.#
#.#.@.....#
#.......#
#.####.####
######### #......#
######## ## .## ..#


You could see a two-headed ogre.

Vanquished Creatures
  A hippogriff (D:7)
  A wyvern (D:8)
  5 yaks (D:8)
  A basilisk (D:8)
  2 porcupines
  3 orc warriors
  2 ice beasts
  A sky beast (D:8)
  4 ogres
  An eye of draining (D:6)
  A phantom (D:6)
  5 centaurs
  A crocodile (D:8)
  3 bullfrogs
  A gnoll sergeant (D:4)
  5 scorpions
  4 howler monkeys
  2 crimson imps
  2 centaur zombies
  2 jellies (D:8)
  6 orc wizards
  A bullfrog skeleton (D:4)
  A centaur skeleton (D:8)
  2 hounds
  A gnoll shaman (D:5)
  Crazy Yiuf (D:7)
  2 iguanas
  7 worker ants
  2 hound zombies (D:5)
  A hound skeleton (D:4)
  A worker ant zombie (D:6)
  11 gnolls
  9 adders
  2 shadow imps
  2 oozes
  2 adder zombies
  2 adder skeletons
  2 worms (D:4)
  4 dart slugs
  5 leopard geckos
  24 orcs
  5 ball pythons
  5 giant cockroaches
  6 goblins
  11 hobgoblins
  9 jackals
  7 quokkas
  A ball python skeleton (D:4)
  8 bats
  6 frilled lizards
  13 kobolds
  5 rats
211 creatures vanquished.

Vanquished Creatures (others)
  4 fungi (D:8)
  5 plants (D:8)
9 creatures vanquished.

Grand Total: 220 creatures vanquished

Notes
Turn   | Place    | Note
-------+----------+-------------------------------------------
     0 | D:1      | Minstaer the Halfling Hunter began the quest for the Orb.
     0 | D:1      | Reached XP level 1. HP: 14/14 MP: 1/1
    19 | D:1      | Reached skill level 6 in Slings
    68 | D:1      | Reached XP level 2. HP: 19/19 MP: 2/2
   401 | D:1      | Reached XP level 3. HP: 24/24 MP: 3/3
   684 | D:2      | Found a white marble altar of Elyvilon.
   941 | D:2      | Reached XP level 4. HP: 29/29 MP: 4/4
  1544 | D:3      | Reached skill level 7 in Slings
  1607 | D:3      | Reached XP level 5. HP: 32/34 MP: 5/5
  2369 | D:3      | Noticed an ogre
  2385 | D:3      | Killed an ogre
  2385 | D:3      | Reached skill level 8 in Slings
  2385 | D:3      | Reached skill level 5 in Stealth
  2385 | D:3      | Reached XP level 6. HP: 39/39 MP: 6/6
  2491 | D:4      | Found Gimom's Assorted Antiques.
  2532 | D:4      | Reached XP level 7. HP: 12/44 MP: 7/7
  2781 | D:4      | Bought a runed hunting sling for 81 gold pieces
  2801 | D:4      | Found a shattered altar of Ashenzari.
  2973 | D:4      | Reached skill level 9 in Slings
  3151 | D:4      | Found a deep blue altar of Sif Muna.
  3153 | D:4      | Found a stormy altar of Qazlal.
  3153 | D:4      | Found a sacrificial altar of Ru.
  3153 | D:4      | Found a glowing silver altar of Zin.
  3154 | D:4      | Found an iron altar of Okawaru.
  3155 | D:4      | Found a hazy altar of Hepliaklqana.
  3155 | D:4      | Found a shadowy altar of Dithmenos.
  3156 | D:4      | Found a shimmering altar of Xom.
  3201 | D:4      | Became a worshipper of Dithmenos the Shadowed
  3562 | D:5      | Entered Level 5 of the Dungeon
  3971 | D:5      | Reached XP level 8. HP: 49/49 MP: 8/8
  4041 | D:5      | Reached skill level 10 in Slings
  4629 | D:5      | Reached * piety under Dithmenos
  4821 | D:6      | Reached skill level 11 in Slings
  4994 | D:6      | Found a staircase to the Ecumenical Temple.
  4999 | Temple   | Entered the Ecumenical Temple
  5317 | D:6      | Reached XP level 9. HP: 54/54 MP: 9/9
  5678 | D:6      | Reached skill level 12 in Slings
  6061 | D:7      | Reached skill level 1 in Short Blades
  6078 | D:7      | Noticed a hippogriff
  6089 | D:7      | Killed a hippogriff
  6089 | D:7      | Reached skill level 10 in Stealth
  7050 | D:7      | Found a runed door.
  7056 | D:7      | Noticed Crazy Yiuf
  7066 | D:7      | Killed Crazy Yiuf
  7143 | D:8      | Reached skill level 5 in Short Blades
  7169 | D:8      | Found a staircase to the Lair.
  7201 | D:8      | Reached XP level 10. HP: 51/60 MP: 7/10
  7427 | D:7      | Reached ** piety under Dithmenos
  8138 | D:8      | Noticed mopl's ghost (novice FoHu)
  9870 | D:8      | Reached skill level 10 in Short Blades
  9989 | D:8      | Noticed a two-headed ogre
 10072 | D:8      | Slain by a two-headed ogre

Skill      XL: |  1  2  3  4  5  6  7  8  9 10 |
---------------+-------------------------------+-----
Slings         | 6 7 8 9 11 12 | 12.1
Stealth        | 2 3 4 5 7 9 11 | 11.5
Short Blades   | 5 10 | 10.0
Fighting       | |  1.7
Dodging        | |  2.1

Action                   |  1- 3 |  4- 6 |  7- 9 | 10-12 || total
-------------------------+-------+-------+-------+-------++-------
Melee: Short sword       |       |     7 |     8 |   280 ||   295
 Fire: Hunting sling     |    57 |   196 |   566 |   118 ||   937
Evoke: Wand              |       |       |       |     6 ||     6
  Use: Scroll            |       |       |    11 |     2 ||    13
 Stab: Distracted        |       |       |     1 |     2 ||     3
       Sleeping          |       |       |     1 |     2 ||     3
  Eat: Chunk             |       |     4 |    10 |     4 ||    18
       Royal jelly       |       |       |     2 |     1 ||     3
       Meat ration       |       |       |       |     1 ||     1
Armor: Leather armour    |     1 |    13 |    33 |    18 ||    65
Dodge: Dodged            |     1 |    55 |   138 |   219 ||   413
